 Dungeon Crawl Stone Soup version 0.30-a0-715-gdb4ae3ece1 (console) character file.

Game seed: 10570335782368738535

371 Banquo the Magician (level 7, -3/52 HPs)
             Began as a Djinni Wanderer on Jan 23, 2023.
             Slain by an ice beast (10 damage)
             ... on level 5 of the Dungeon.
             The game lasted 00:17:28 (4609 turns).

Banquo the Magician (Djinni Wanderer)               Turns: 4609, Time: 00:17:29

Health: -3/52      AC:  3    Str: 10    XL:     7   Next: 2%
Gold:   307        EV: 10    Int: 14    God:
                   SH:  5    Dex: 15

rFire   + + +      SeeInvis .    g - +0 spear
rCold   x . .      Faith    .    d - +0 buckler
rNeg    . . .      Spirit   .    f - +0 robe
rPois   ∞          Reflect  .    (no helmet)
rElec   .          Harm     .    (no cloak)
rCorr   .          Rampage  .    k - +0 pair of gloves
Will    .....                    (boots unavailable)
Stlth   ++                       (no amulet)
HPRegen 0.28/turn                F - ring of protection from fire
MPRegen 0.00/turn                (no ring)

@: flying
A: sickness immunity, fire resistance 2, cold vulnerability 1, float, innate
caster, HP casting, extra vitality 1
a: no special abilities


You were on level 5 of the Dungeon.
You visited 2 branches of the dungeon, and saw 6 of its levels.

You collected 307 gold pieces.

Inventory:

Hand Weapons
 a - a +0 dagger
 g - a +0 spear (weapon)
 n - a +0 long sword
 o - a +0 trident
 q - a +1 heavy war axe
 w - a +0 war axe
 A - a +2 hand axe of distortion
Missiles
 b - an atropa-tipped dart
 c - a datura-tipped dart
 h - 11 poisoned darts
 B - a boomerang
Armour
 d - a +0 buckler (worn)
 f - a +0 robe (worn)
 k - a +0 pair of gloves (worn)
Jewellery
 F - a ring of protection from fire (left hand)
Scrolls
 j - a scroll of enchant armour {unknown}
 l - a scroll of acquirement {unknown}
 m - 2 scrolls of teleportation {unknown}
 p - a scroll of fear {unknown}
 s - a scroll of noise {unknown}
 t - a scroll of magic mapping {unknown}
 u - 6 scrolls of identify {unknown}
 y - a scroll of silence {unknown}
Potions
 e - 3 potions of curing
 i - 4 potions of lignification {unknown}
 r - 2 potions of ambrosia {unknown}
 v - a potion of heal wounds {unknown}
 x - 2 potions of resistance {unknown}
 z - a potion of berserk rage {unknown}


   Skills:
 * Level 4.1 Fighting
 - Level 1.5 Stealth
 - Level 4.0 Shields
 + Level 4.4 Spellcasting


You had 4 spell levels left.
You knew the following spells:

 Your Spells              Type           Power      Damage    Failure   Level
a - Necrotise             Necr           60%        1d7       3%          1
c - Sting                 Tmut/Pois      60%        1d6       3%          1
d - Vampiric Draining     Necr           15%        2d7       12%         3
i - Ignite Poison         Fire/Tmut/Pois 15%        N/A       12%         3
B - Blink                 Tloc           30%        N/A       6%          2

Your spell library contained the following spells:

 Spells                   Type           Power      Damage    Failure   Level


Dungeon Overview and Level Annotations

Branches:
Dungeon (5/15)             Temple (1/1) D:4

Altars:
Cheibriados
Dithmenos
Elyvilon
Gozag
Makhleb
Nemelex Xobeh
Okawaru
Qazlal
Ru
Trog
Uskayaw
Wu Jian
Xom
Yredelemnul
The Shining One

Shops:
D:2 [

Annotations:
D:2 2 exclusions, Sigmund


Innate Abilities, Weirdness & Mutations

You are immune to sickness and miasma.
You are immune to poison.
Your flesh is very heat resistant. (rF++)
You are vulnerable to cold. (rC-)
You float through the air rather than walking.
You learn spells naturally, not from books.
Your magical power is your life essence.
You have superior vitality. (+4 MHP)


Message History

Press: ? - help, Q - select action, (/) - cycle Shift-Dir - straight line, f - ice beast
Aim: an ice beast (74% to hit)
The sting misses the ice beast.
Aiming: Sting (safe; 3% risk of failure)
Press: ? - help, Q - select action, (/) - cycle Shift-Dir - straight line, f/p - ice beast
Aim: an ice beast (74% to hit)
The sting misses the ice beast.
Aiming: Sting (safe; 3% risk of failure)
Press: ? - help, Q - select action, (/) - cycle Shift-Dir - straight line, f/p - ice beast
Aim: an ice beast (74% to hit)
The sting hits the ice beast.
The ice beast partially resists.
The ice beast is poisoned.
The ice beast is lightly wounded.
The ice beast hits you. The ice beast freezes you!!
You feel a terrible chill!
Aiming: Sting (safe; 3% risk of failure)
Press: ? - help, Q - select action, (/) - cycle Shift-Dir - straight line, f/p - ice beast
Aim: an ice beast (lightly wounded, poisoned, 74% to hit)
The sting hits the ice beast.
The ice beast partially resists.
The ice beast is lightly wounded.
The ice beast hits you. The ice beast freezes you!!
You feel a terrible chill!
* * * LOW HITPOINT WARNING * * *
Casting: Sting (safe; 3% risk of failure)
Confirm with . or Enter, or press ? or * to list all spells.
Aiming: Vampiric Draining (dangerous; 12% risk of failure)
Press: ? - help, Shift-Dir - straight line, f/p - ice beast
Aim: an ice beast (moderately wounded, poisoned)
You draw life force from the ice beast!
You feel life coursing into your body.
* * * LOW HITPOINT WARNING * * *
You block the ice beast's attack.
Casting: Vampiric Draining (dangerous; 12% risk of failure)
Confirm with . or Enter, or press ? or * to list all spells.
Aiming: Vampiric Draining (dangerous; 12% risk of failure)
Press: ? - help, Shift-Dir - straight line, f/p - ice beast
Aim: an ice beast (severely wounded, poisoned)
You draw life force from the ice beast.
You feel life coursing into your body.
* * * LOW HITPOINT WARNING * * *
The ice beast hits you.
* * * LOW HITPOINT WARNING * * *
The ice beast freezes you!
You feel a terrible chill!
You die...

#...........#
#.<[.....##
######[.## ##.## #..#
##.##
###########..########
........#....).......
........@..#########.
........Y#####
........##...##.
........#.......
########....{...
#........ #........
##....... #...##>


You could see an ice beast (poisoned).

Vanquished Creatures
  A howler monkey (D:5)
  An orc priest (D:5)
  A hound (D:5)
  A gnoll bouda (D:4)
  3 orc wizards
  3 adders
  An ufetubus (D:4)
  2 worms
  2 dart slugs
  10 orcs
  5 endoplasms
  3 giant cockroaches
  2 goblins
  2 hobgoblins (D:1)
  6 jackals
  13 kobolds
  6 quokkas
  6 ball pythons
  7 bats
  3 frilled lizards (D:1)
  11 rats
89 creatures vanquished.

Vanquished Creatures (collateral kills)
  A hound (D:5)
  An endoplasm (D:1)
  A giant cockroach (D:2)
  A frilled lizard (D:2)
  A kobold (D:2)
  A rat (D:1)
6 creatures vanquished.

Vanquished Creatures (others)
  6 fungi (D:2)
6 creatures vanquished.

Grand Total: 101 creatures vanquished

Notes
Turn   | Place    | Note
-------+----------+-------------------------------------------
     0 | D:1      | Banquo the Djinni Wanderer began the quest for the Orb.
     0 | D:1      | Banquo set off with the following items: a +0 dagger, an
                  | atropa-tipped dart, a datura-tipped dart, a +0 buckler, a
                  | potion of curing, a +0 robethe following spells memorised:
                  | Necrotise, Vampiric Draining.
     0 | D:1      | Reached XP level 1. HP: 18/18 MP: 0/0
   133 | D:1      | Reached XP level 2. HP: 22/24 MP: 0/0
   407 | D:1      | Reached XP level 3. HP: 26/30 MP: 0/0
   407 | D:1      | Learned a level 1 spell: Sting
  1308 | D:2      | Reached XP level 4. HP: 33/35 MP: 0/0
  2072 | D:2      | Found Tyeczit's Antique Armour Shop.
  2214 | D:2      | Noticed Sigmund
  2313 | D:3      | Found a faded altar of an unknown god.
  2703 | D:3      | Reached XP level 5. HP: 28/40 MP: 0/0
  2703 | D:3      | Learned a level 2 spell: Blink
  3019 | D:3      | Found a sparkling altar of Nemelex Xobeh.
  3339 | D:4      | Found a staircase to the Ecumenical Temple.
  3344 | Temple   | Entered the Ecumenical Temple
  3344 | Temple   | Found a transporter.
  3344 | Temple   | Found a transporter.
  3346 | Temple   | Found a transporter.
  3346 | Temple   | Found a transporter.
  3718 | D:5      | Entered Level 5 of the Dungeon
  3960 | D:5      | Reached XP level 6. HP: 32/47 MP: 0/0
  4353 | D:4      | Reached XP level 7. HP: 6/52 MP: 0/0
  4353 | D:4      | Learned a level 3 spell: Ignite Poison
  4609 | D:5      | Slain by an ice beast

Illustrated notes

Levels and vault maps discovered:
D:1:      mrwooster_arrival_statue_2, layout_loops_ring,
          minmay_misc_feat_columns
D:2:      layout_loops_ring, serial_shops, shop_statue,
          dreamdust_mushroom_princess, uniq_sigmund
D:3:      layout_loops_ring, pf_just_have_faith,
          hellmonk_ecumenical_altar_lost_god
D:4:      layout_basic, minmay_temple_entry_nine_rooms
D:5:      layout_rooms
Temple:   hellmonk_temple_divided_pantheon

Skill      XL: |  1  2  3  4  5  6 |
---------------+-------------------+-----
Fighting       | 3 4 |  4.1
Spellcasting   | 2 3 4 |  4.4
Stealth        | |  1.5
Shields        | |  4.0

Action                     |  1- 3 |  4- 6 |  7- 9 || total
---------------------------+-------+-------+-------++-------
  Melee: Spear             |    80 |     2 |       ||    82
   Cast: Necrotise         |    57 |   143 |     3 ||   203
         Sting             |       |    38 |     8 ||    46
         Vampiric Draining |       |       |     2 ||     2
   Stab: Sleeping          |     5 |       |       ||     5
 Armour: Robe              |    14 |    21 |     3 ||    38
  Dodge: Dodged            |    44 |    37 |     8 ||    89
  Block: Buckler           |    15 |    24 |     3 ||    42

Table legend: (Time is in decaauts)
 A = Elapsed time spent in this place.
 B = Non-inter-level travel time spent in this place.
 C = Inter-level travel time spent in this place.
 D = Time resting spent in this place.
 E = Time spent auto-exploring this place.
 F = Levels seen in this place.
 G = Mean time per level.
                   A        B        C        D        E       F      G
               +--------+--------+--------+--------+--------+-----+--------+
         Total |   4628 |   4068 |    560 |    871 |   2092 |   6 |  771.3 |
       Dungeon |   4594 |   4034 |    560 |    871 |   2086 |   5 |  918.8 |
        Temple |     33 |     33 |      0 |      0 |      6 |   1 |   33.0 |
               +--------+--------+--------+--------+--------+-----+--------+

Top non-repeatable levels by time:
     D:2: 1180 daAuts
     D:1: 1178 daAuts
     D:4: 1071 daAuts
     D:3: 820 daAuts
     D:5: 343 daAuts
  Temple: 33 daAuts
